[Event "26th Triest Festival 2024"]
[Site "Triest"]
[Date "2024.09.02"]
[Round "2.11"]
[White "Lever, Erwan"]
[Black "Fischer, Daniel"]
[Result "0-1"]
[Annotator "TA"]
[ECO "E00"]
[WhiteElo "2193"]
[BlackElo "2349"]
[PlyCount "72"]
[EventDate "2024.09.02"]
[EventType "swiss"]
[EventCountry "ITA"]
[SourceTitle "playchess.com"]
[Source "ChessBase"]
[SourceQuality "1"]
[TimeControl "5400+30"]

1. d4 Nf6 2. c4 e6 3. g3 Bb4+ 4. Nd2 c5 5. a3 Bxd2+ 6. Qxd2 cxd4 7. Nf3 d5 8. cxd5 e5 9. Bg2 Nbd7 {[%emt 0:00:25][%cal Oe8g8] The position is equal.} 10. O-O O-O 11. Qc2 b6 12. Bg5 Re8 13. Rfc1 (13. Rfe1 $11 {remains equal.}) 13... Bb7 14. Nd2 (14. d6 $15) 14... h6 $17 15. Qc7 {[%emt 0:03:04] Strongly threatening Bxf6.} hxg5 16. Qxb7 Nc5 17. Qc6 Rc8 18. Qb5 e4 19. b4 e3 $36 {[%emt 0:00:59][%mdl 2048] Black is pushing.} 20. bxc5 ({White should play} 20. fxe3 $15 dxe3 21. Nf1) 20... exd2 21. Rc2 {[%emt 0:05:23] Hoping for c6.} Nxd5 {[%emt 0:02:06] Black is more active.} 22. Rxd2 Nc3 ({Much weaker is} 22... Rxc5 $6 23. Qd3 Qe7 24. Bf3 $11) 23. Qa6 bxc5 ({Much less strong is} 23... Rxc5 24. e3 $15) 24. e3 Qb6 25. Qd3 {[%emt 0:04:41][%mdl 8192] [#] This move loses the game for White.} (25. Qxb6 $17 {is tougher.} axb6 26. Rc2) 25... c4 $1 $19 26. Qf5 dxe3 27. fxe3 (27. Rd7 $142 exf2+ 28. Qxf2) 27... Qxe3+ 28. Rf2 Rc7 29. Kh1 Re5 30. Qc2 {[%emt 0:00:22] Black must now prevent Rf3.} Qd3 {[%emt 0:01:05] Threatens to win with ...Rd7.} 31. Rc1 Qxc2 32. Rfxc2 Nb5 33. a4 $2 (33. Bf1 {is a better defense.}) 33... Nd4 34. Rxc4 Rxc4 35. Rc2 {[%emt 0:19:42] [#]} Rc3 36. Rxc3 Re1+ {[%emt 0:00:00] Weighted Error Value: White=0.61/Black=0.37.  Loses game:     	White=1     	---        Mistake:       	White=5     	Black=1      Inaccurate:     	White=3     	Black=1      OK:         	White=7     	Black=11     Best:        	White=2     	Black=3      Strong:       	---       	Black=1} 0-1

[Event "26th Triest Festival 2024"]
[Site "Triest"]
[Date "2024.09.02"]
[Round "2.12"]
[White "Marn, Jan"]
[Black "Colonetti, Fabio"]
[Result "1-0"]
[Annotator "TA"]
[ECO "D02"]
[WhiteElo "2344"]
[BlackElo "2118"]
[PlyCount "77"]
[EventDate "2024.09.02"]
[EventType "swiss"]
[EventCountry "ITA"]
[SourceTitle "playchess.com"]
[Source "ChessBase"]
[SourceQuality "1"]
[TimeControl "5400+30"]

1. d4 Nf6 2. Nf3 g6 3. Nbd2 d5 4. e3 Bg7 5. b4 a5 6. b5 c5 7. bxc6 Nxc6 8. a4 {[%emt 0:00:07] The position is equal.} O-O 9. Be2 Bf5 10. c3 {[%emt 0:00:11] Dodges Nb4} Qc7 {[%emt 0:08:26][%cal Oc6b4] aiming for ...Nb4!} 11. O-O Rfc8 12. Qb3 e5 13. h3 exd4 14. exd4 Nd8 15. Bb2 Ne6 16. Rfe1 Nf4 17. Bf1 Nd3 18. Bxd3 Bxd3 19. Ne5 Bf5 20. Nf1 Be6 21. Ne3 Re8 (21... Ra6 $15) 22. Rac1 Rad8 23. c4 dxc4 24. N3xc4 Bh6 {[%emt 0:07:17] A strong pair of Bishops.} 25. Rc2 Bf5 26. Rce2 {[%emt 0:00:44][%cal Od4d5] [#] And now d5! would win.} Be6 27. Qb5 Rd5 28. Qb6 Qxb6 29. Nxb6 {[%emt 0:00:02] Black must now prevent Ng4.} Rdd8 30. Nd3 Bf5 31. Nc5 Rxe2 32. Rxe2 Bf8 33. g4 (33. Nxb7 $2 Rb8 34. Bc3 Rxb7 $19) 33... Bxc5 $4 {[%emt 0:00:43][%mdl 8192] Black cannot hold the game after this.} (33... Bb1 $11 {and Black has nothing to worry.}) 34. dxc5 $18 Rd1+ 35. Kg2 (35. Kh2 $142 Bd3 36. Re7) 35... Be4+ {[%emt 0:00:07] [#]} 36. Kg3 $1 ({Much less strong is} 36. f3 $6 Bd3 37. Kf2 Nxg4+ (37... Bxe2 $2 38. Kxe2 Rh1 39. Bxf6 $18) 38. fxg4 (38. hxg4 Bxe2 39. Kxe2 Rh1 $14) 38... Bxe2 39. Kxe2 Rh1 $14) 36... Rd3+ (36... Bd3 {might work better.} 37. Kf3 Bxe2+ (37... Kg7 $2 38. Re7 $18) 38. Kxe2 Rg1) 37. Kh2 Bf3 (37... Nxg4+ $142 38. hxg4 f5) 38. Re7 Kg7 (38... Nxg4+ $18 39. hxg4 Bc6) 39. g5 {[%emt 0:00:06] Weighted Error Value: White=0.07 (flawless) /Black=0.47.  Loses game:     	---       	Black=1      Mistake:       	White=1     	Black=4      OK:         	White=13    	Black=19     Best:        	White=3     	Black=1      Strong:       	White=1     	---} 1-0